 Dungeon Crawl Stone Soup version 0.27.1-3-gb3d3a73c9e (webtiles) character file.

Game seed: 10739646763961438781

1484744 ABBCCCDDDD the Evocator (level 27, 238/238 HPs)
             Began as a Barachi Delver on Oct 17, 2021.
             Was the Champion of Makhleb.
             Escaped with the Orb
             ... and 3 runes on Oct 18, 2021!
             The game lasted 04:24:41 (100862 turns).

ABBCCCDDDD the Evocator (Barachi Delver)          Turns: 100862, Time: 04:24:41

Health: 238/238    AC: 46    Str: 30    XL:     27
Magic:  11/11      EV: 17    Int: 14    God:    Makhleb [******]
Gold:   3620       SH: 10    Dex: 18    Spells: 30/34 levels left

rFire    + + +     SeeInvis +   T - +10 long sword "Reudojir" {antimagic, rC++}
rCold    + + +     Faith    .   k - +2 buckler "Baedo" {Will++}
rNeg     + . .     Spirit   .   G - +11 gold dragon scales
rPois    +         Reflect  .   t - +1 helmet of the Pleiades {Regen+ Str+4}
rElec    .         Harm     .   Y - scarf {rC+ rF+}
rCorr    .         Rampage  .   F - +0 pair of fencer's gloves {Riposte Dex+3}
Will     ++++.     Rnd*Rage +   q - +2 pair of boots
Stlth    ..........             b - amulet of the Lily {rC+ rN+ Regen+ Str+2 Int-3}
HPRegen  2.49/turn              U - ring "Miafepiz" {rF+ rC- AC+4 Str+3 Int+4}
MPRegen  0.12/turn              W - ring of see invisible

@: studying 2 skills, slow
A: amphibious, slowness 1, strong legs 2, +LOS, claws 1, berserk 2, low mp 1,
screaming 1, weak 1, evolution 1, subdued magic 1
0: Orb of Zot
}: 3/15 runes: decaying, slimy, gossamer
a: Hop, Renounce Religion, Minor Destruction, Lesser Servant of Makhleb, Major
Destruction, Greater Servant of Makhleb


You escaped.
You worshipped Makhleb.
Makhleb was exalted by your worship.
You visited 12 branches of the dungeon, and saw 56 of its levels.
You visited the Abyss 2 times.
You also visited: Ossuary and Bailey.

You collected 7266 gold pieces.
You spent 3646 gold pieces at shops.

Inventory:

Hand Weapons
 j - a +4 demon blade of electrocution
 T - the +10 long sword "Reudojir" (weapon) {antimagic, rC++}
   (You found it on level 1 of the Vaults)

   It reduces the magical energy of the wielder, and disrupts the spells and
   magical abilities of those it strikes.
   Natural abilities and divine invocations are not affected.
   rC:        It greatly protects you from cold.
Armour
 k - the +2 buckler "Baedo" (worn) {Will++}
   (You found it on level 4 of the Vaults)

   Will:      It greatly increases your willpower.
 q - a +2 pair of boots (worn)
 t - the +1 helmet of the Pleiades (worn) {Regen+ Str+4}
   (You found it on level 15 of the Dungeon)

   Str:       It affects your strength (+4).
   Regen:     It increases your rate of health regeneration.
 F - the +0 pair of fencer's gloves (worn) {Riposte Dex+3}
   (You found it on level 5 of the Pits of Slime)

   It allows the wearer to riposte with any weapon, or to riposte more often
   with a long blade, swiftly retaliating against a missed attack.
   Dex:       It affects your dexterity (+3).
 G - +11 gold dragon scales (worn)
 Y - a scarf of resistance (worn)
Jewellery
 b - the amulet of the Lily (around neck) {rC+ rN+ Regen+ Str+2 Int-3}
   (You found it on level 2 of the Depths)

   [amulet of regeneration]

   Str:       It affects your strength (+2).
   Int:       It affects your intelligence (-3).
   rC:        It protects you from cold.
   rN:        It protects you from negative energy.
   Regen:     It increases your rate of health regeneration.
 s - the ring of Nelub {rC+ EV+4 Dex+3}
   (You acquired it on level 5 of the Pits of Slime)

   [ring of evasion]

   EV:        It affects your evasion (+4).
   Dex:       It affects your dexterity (+3).
   rC:        It protects you from cold.
 I - an amulet of reflection
 S - a ring of resist corrosion
 U - the ring "Miafepiz" (left hand) {rF+ rC- AC+4 Str+3 Int+4}
   (You found it on level 5 of the Pits of Slime)

   [ring of protection]

   AC:        It affects your AC (+4).
   Str:       It affects your strength (+3).
   Int:       It affects your intelligence (+4).
   rF:        It protects you from fire.
   rC:        It makes you vulnerable to cold.
 V - a ring of positive energy
 W - a ring of see invisible (right hand)
 Z - a ring of protection from fire
Wands
 l - a wand of iceblast (39)
 m - a wand of digging (14)
 w - a wand of acid (9)
 D - a wand of mindburst (21)
 N - a wand of paralysis (13)
 R - a wand of charming (9)
Scrolls
 c - 10 scrolls of fog
 e - 8 scrolls of fear
 f - a scroll of silence
 h - 9 scrolls of immolation
 z - 16 scrolls of enchant weapon
 E - 6 scrolls of identify
 H - 14 scrolls of vulnerability
 O - 3 scrolls of magic mapping
 Q - 10 scrolls of teleportation
Potions
 a - 8 potions of lignification
 d - 2 potions of invisibility
 n - 10 potions of brilliance
 p - 8 potions of heal wounds
 r - 12 potions of curing
 u - 2 potions of cancellation
 v - 5 potions of magic
 x - 2 potions of haste
 A - 2 potions of resistance
 B - 7 potions of mutation
 C - 3 potions of might
 J - 5 potions of attraction
 K - a potion of berserk rage
 X - 8 potions of flight
Miscellaneous
 g - a tin of tremorstones (2/2)
 i - a phial of floods
 o - a lightning rod (4/4)
 y - a condenser vane (inert)
 P - a box of beasts (inert)


   Skills:
 - Level 24.0 Fighting
 - Level 19.0 Long Blades
 - Level 4.0 Throwing
 - Level 20.0 Armour
 - Level 20.0 Dodging
 - Level 8.0 Stealth
 - Level 15.0 Shields
 - Level 4.0 Spellcasting
 - Level 5.0 Ice Magic
 - Level 20.0 Invocations
 + Level 26.0 Evocations


You had 30 spell levels left.
You knew the following spells:

 Your Spells              Type           Power      Damage    Failure   Level
a - Ozocubu's Armour      Ice            12%        N/A       54%         3
b - Apportation           Tloc           4%         N/A       86%         1

Your spell library contained the following spells:

 Spells                   Type           Power      Damage    Failure   Level
 Freeze                   Ice            48%        1d7       21%         1
 Animate Skeleton         Necr           4%         N/A       86%         1
 Corona                   Hex            2%         N/A       86%         1
 Foxfire                  Conj/Fire      8%         2x1d4     86%         1
 Magic Dart               Conj           8%         1d3       86%         1
 Pain                     Necr           8%         1d4       86%         1
 Shock                    Conj/Air       8%         1d3       86%         1
 Sting                    Tmut/Pois      8%         1d3       86%         1
 Summon Small Mammal      Summ           8%         N/A       86%         1
 Blink                    Tloc           N/A        N/A       95%         2
 Call Imp                 Summ           2%         N/A       95%         2
 Corpse Rot               Necr/Air       N/A        N/A       95%         2
 Passwall                 Tmut/Erth      1%         N/A       95%         2
 Poisonous Vapours        Pois/Air       4%         N/A       95%         2
 Slow                     Hex            2%         N/A       95%         2
 Static Discharge         Conj/Air       2%         N/A       95%         2
 Wereblood                Tmut           2%         N/A       95%         2
 Call Canine Familiar     Summ           2%         N/A       99%         3
 Confusing Touch          Hex            2%         N/A       99%         3
 Gell's Gravitas          Tloc           1%         N/A       99%         3
 Inner Flame              Hex/Fire       2%         N/A       99%         3
 Mephitic Cloud           Conj/Pois/Air  2%         N/A       99%         3
 Summon Guardian Golem    Hex/Summ       2%         N/A       99%         3
 Swiftness                Air            2%         N/A       99%         3
 Teleport Other           Tloc           2%         N/A       99%         3
 Tukima's Dance           Hex            2%         N/A       99%         3
 Vampiric Draining        Necr           1%         2d6       99%         3
 Summon Ice Beast         Ice/Summ       7%         N/A       99%         4
 Airstrike                Air            1%         N/A       100%        4
 Animate Armour           Summ/Erth      4%         N/A       100%        4
 Animate Dead             Necr           1%         N/A       100%        4
 Cause Fear               Hex            1%         N/A       100%        4
 Dispel Undead            Necr           2%         3d7       100%        4
 Iskenderun's Mystic Bla  Conj/Tloc      2%         2d3       100%        4
 Leda's Liquefaction      Hex/Erth       1%         N/A       100%        4
 Olgreb's Toxic Radiance  Pois           2%         N/A       100%        4
 Passage of Golubria      Tloc           N/A        N/A       100%        4
 Petrify                  Tmut/Erth      2%         N/A       100%        4
 Sticky Flame             Conj/Fire      2%         2d3       100%        4
 Summon Lightning Spire   Summ/Air       2%         N/A       100%        4
 Alistair's Intoxication  Tmut/Pois      1%         N/A       100%        5
 Blade Hands              Tmut           1%         N/A       100%        5
 Bolt of Magma            Conj/Fire/Erth 1%         4d4       100%        5
 Borgnjor's Vile Clutch   Necr/Erth      1%         N/A       100%        5
 Excruciating Wounds      Necr           1%         N/A       100%        5
 Fireball                 Conj/Fire      1%         3d3       100%        5
 Freezing Cloud           Conj/Ice/Air   2%         6-21      100%        5
 Lightning Bolt           Conj/Air       1%         1d12      100%        5
 Manifold Assault         Tloc           2%         N/A       100%        5
 Metabolic Englaciation   Hex/Ice        3%         N/A       100%        5
 Summon Forest            Summ/Tloc      1%         N/A       100%        5
 Summon Mana Viper        Hex/Summ       2%         N/A       100%        5
 Yara's Violent Unravell  Hex/Tmut       1%         3d3       100%        5
 Death Channel            Necr           1%         N/A       100%        6
 Dispersal                Tloc           1%         N/A       100%        6
 Eringya's Noxious Bog    Tmut/Pois      1%         N/A       100%        6
 Iron Shot                Conj/Erth      1%         9d1       100%        6
 Shadow Creatures         Summ           N/A        N/A       100%        6
 Simulacrum               Ice/Necr       3%         N/A       100%        6
 Starburst                Conj/Fire      1%         6d3       100%        6
 Statue Form              Tmut/Erth      1%         N/A       100%        6
 Dragon Form              Tmut           1%         N/A       100%        7
 Haunt                    Necr/Summ      1%         N/A       100%        7
 Monstrous Menagerie      Summ           1%         N/A       100%        7
 Orb of Destruction       Conj           1%         N/A       100%        7
 Spellforged Servitor     Conj/Summ      1%         N/A       100%        7
 Storm Form               Tmut/Air       1%         N/A       100%        7
 Borgnjor's Revivificati  Necr           1%         N/A       100%        8
 Discord                  Hex            1%         N/A       100%        8
 Disjunction              Tloc           1%         N/A       100%        8
 Ignition                 Fire           1%         3d3       100%        8
 Infestation              Necr           1%         N/A       100%        8
 Maxwell's Capacitive Co  Air            1%         ∞         100%        8
 Necromutation            Tmut/Necr      1%         N/A       100%        8
 Summon Horrible Things   Summ           1%         N/A       100%        8
 Chain Lightning          Conj/Air       1%         3d1       100%        9
 Death's Door             Necr           1%         N/A       100%        9
 Dragon's Call            Summ           1%         N/A       100%        9
 Fire Storm               Conj/Fire      1%         7d1       100%        9
 Shatter                  Erth           1%         3d5*      100%        9


Dungeon Overview and Level Annotations

Branches:
Dungeon (15/15)            Temple (1/1) D:7            Lair (6/6) D:9
  Swamp (4/4) Lair:2       Spider (4/4) Lair:4        Slime (5/5) Lair:5
    Orc (2/2) D:12            Elf (3/3) Orc:2        Vaults (4/5) D:13
  Crypt (2/3) Vaults:2     Depths (5/5) D:15            Zot (5/5) Depths:5
Ossuary (visited)          Bailey (visited)

Altars:
Cheibriados
Dithmenos
Elyvilon
Fedhas
Gozag
Kikubaaqudgha
Makhleb
Nemelex Xobeh
Okawaru
Qazlal
Trog
Uskayaw
Vehumet
Wu Jian
Xom
Yredelemnul
Zin
The Shining One
Beogh
Jiyva

Shops:
D:14 [   Orc:2 ([!=   Elf:3 :   Vaults:1 [*=(*   Vaults:4 [   Depths:1 =:=
Depths:5 ?

Portals:
Hell: Depths:1 Depths:2 Depths:3 Depths:4 Depths:5
Abyss: Depths:1 Depths:2 Depths:3 Depths:4 Depths:5
Pandemonium: Depths:2 Depths:3 Depths:4
Ziggurat: Depths:3

Annotations:
Swamp:2 1 exclusion
Elf:2 3 runed translucent doors
Vaults:1 exclusion: orange crystal statue
Vaults:2 2 transporters
Vaults:3 8 runed translucent doors, Angmar's ghost, veteran DrAE; Mennas
Crypt:1 Boris


Innate Abilities, Weirdness & Mutations

You are amphibious.
You cover ground slowly.
You can hop long distances.
You have an extended range of vision and can be seen from far away.
You have sharp fingernails.
You often lose your temper in combat.
Your magical capacity is low. (-10% MP)
You occasionally shout uncontrollably at your foes.
You are weak. (Str -2)
You evolve.
Your spells are a little easier to cast, but a little less powerful.


Message History

You slice the Orb Guardian!!
The Orb Guardian is almost dead.
The Orb Guardian barely misses you.
You closely miss the Orb Guardian.
The Orb Guardian is almost dead.
The Orb Guardian hits you!
You slice the Orb Guardian!!
You kill the Orb Guardian!
Makhleb accepts your kill.
You feel better.
You climb upwards.
There is a stone staircase leading down here.
HP restored.
There is a stone staircase leading up here.
You climb upwards.
There is a stone staircase leading down here.
There is a stone staircase leading up here.
You climb upwards.
There is a stone staircase leading down here.
There is a dry fountain here.
There is an open door here.
There is an open door here.
There is a fountain of clear blue water here.
There is a stone staircase leading up here.
You climb upwards.
There is a stone staircase leading down here.
There is a stone staircase leading up here.
You climb upwards.
There is a stone staircase leading down, spattered with blood here.
You see here a +0 club.
There is a stone staircase leading up here.
You climb upwards.
There is a stone staircase leading down here.
There is a stone staircase leading up here.
You climb upwards.
There is a stone staircase leading down here.
You open the door.
There is an open door here.
There is a staircase leading out of the dungeon here.
You have escaped!

#...............##.######.#
########.....##.........#.#
##...#...##...........
#...###...##.^...#...#
#...# #...##.##..#...#
##..#####..##.#.......#
#...........#.#.#.#....
#...........#.#.#....##
#.⌠.(.@...⌠.#.#......#
#...........#.####...#
#...........#........##
####..#..#########.....
##...## ##..## #.....#
#..##
######.############.>.)
#.................#.###
#......................


There were no monsters in sight!

Levels and vault maps discovered:
D:1:      dpeg_arrival_arbitrary_c, layout_basic, serial_bayou_lagoon_a,
          nrook_uturn
D:2:      layout_basic, shapermc_ecumenical_altar_petra, basic_altar,
          minmay_misc_feat_plants
D:3:      layout_loops_ring, ebering_ghost_reflecting_pool,
          kennysheep_generic_room_14, uniq_robin, uniq_sigmund
D:4:      layout_rooms, hangedman_abyss_or_decor_jellyfish_corner,
          minmay_distorted, uniq_duvessa
D:5:      layout_basic, chequers_garden, grunt_ministairs_5
D:6:      lemuel_ratsnest, layout_basic
D:7:      layout_basic, temple_fountains, nicolae_ossuary_entry_plus,
          grunt_ogre_cave, corexii_corridor_pit
D:8:      cheibrodos_two_vegetables, layout_gridville, uniq_erica,
          uniq_prince_ribbit1
D:9:      layout_big_octagon, lair_entry_dummy, minmay_misc_feat_more_columns,
          hangedman_abyss_or_decor_stabs, minivault_4
D:10:     layout_loops_ring, gammafunk_temple_overflow_arena,
          kennysheep_generic_room_8
D:11:     minmay_the_grid_triangle_9x9_rhombus_full
          [minmay_the_grid_triangle_9x9_stretched_checkered,
          minmay_the_grid_triangle_9x9_empty,
          minmay_the_grid_triangle_9x9_subtriangle,
          minmay_the_grid_triangle_9x9_from_above,
          minmay_the_grid_triangle_9x9_cache,
          minmay_the_grid_triangle_9x9_sparse_checkered,
          minmay_the_grid_triangle_9x9_intruding_spiral,
          minmay_the_grid_triangle_9x9_prize_schism], layout_cave_pools
D:12:     layout_stronghold, david_orc_1_choice, st_stairs_4, uniq_azrael,
          uniq_frances
D:13:     layout_irregular_city, david_vaults_1, hangedman_decor_diamond_cutter,
          lemuel_zombie_altar_yredelemnul, uniq_rupert, uniq_kirke
D:14:     layout_irregular_city, enter_bailey_2, nicolae_uskayaw_dance_hall,
          serial_shops, nicolae_shop_stone
D:15:     gammafunk_depths_entry_grave, layout_cave_pods,
          minmay_misc_feat_nine_boxes
Temple:   regret_index_temple_chain_breaker
Lair:1:   layout_small_grid, lightli_volcano_entry_magma_tube,
          grunt_forest_large_clearings, lemuel_fruit_tree
Lair:2:   layout_cave_pods, minmay_swamp_entry_swarm, st_stairs_9,
          serial_bayou_shore_b
Lair:3:   layout_small_grid, uniq_snorg
Lair:4:   layout_roguey, nicolae_spider_entry_tight_spaces,
          beast_lair_carwin_10, uniq_sonja
Lair:5:   layout_roguey, slime_altar_1, minivault_27, serial_bayou_ford_a,
          minmay_holes
Lair:6:   grunt_lair_end_beastmaster, layout_layer_cave, serial_bayou_shore_b
Swamp:1:  layout_basic_swamp, hangedman_swamp_ruin_hall,
          infiniplex_staircase_pool, uniq_josephine
Swamp:2:  layout_basic_swamp, hangedman_swamp_pad
Swamp:3:  layout_falls_marsh, infiniplex_staircase_pool_2, swamp_pool2
Swamp:4:  swamp, layout_basic_swamp, swamp_pool2, nicolae_swamp_wisp_ring_woods
Spider:1: layout_spider_delve, nicolae_spider_wall_of_niches
Spider:2: nicolae_spider_hall_of_the_moth_king, einodemon_crawler_minivault
Spider:3: layout_spider_delve, nicolae_spider_baby_got_redback
Spider:4: grunt_spider_rune_parallel, uniq_louise
Slime:1:  layout_caves
Slime:2:  layout_caves
Slime:3:  layout_caves
Slime:4:  layout_caves, amcnicky_altar_lugonu_corruption
Slime:5
Orc:1:    layout_diamond_mine, gammafunk_ghost_smash
Orc:2:    grunt_orc_community_town_hall, layout_caves,
          grunt_orc_community_big_house_2, grunt_orc_community_big_house_2,
          grunt_orc_community_house_1, grunt_orc_community_house_2,
          grunt_orc_community_house_3, grunt_orc_community_house_3
Elf:1:    eino_elf_arrival_sip, layout_onion_city,
          hangedman_elven_crosses_minicolossus, kilobyte_rumbling_trees,
          uniq_asterion
Elf:2:    elven_hall_of_blades_hangedman_original
          [nicolae_blade_entry_crossed_weapons], layout_geoelf_diagonals,
          guppyfry_elf_castle
Elf:3:    minmay_elf_hall_dome, layout_loops_corners, serial_shops, shop
Vaults:1: hangedman_vaults_river_flow, vaults_mumra_minichess_inversion,
          grunt_vaults_twisty, nicolae_vaults_statue_guard,
          vaults_room_grunt_arrival_ludios, ontoclasm_vaults_pinch,
          layout_vaults_omnigrid, serial_shops, nicolae_square_shop,
          nicolae_shop_stone, nicolae_shop_behind_doors,
          nicolae_shop_behind_doors, nicolae_shop_behind_doors
Vaults:2: hangedman_vaults_corner, hangedman_vaults_cutoff,
          gammafunk_its_a_trap, ontoclasm_vaults_gateway, vaults_room_grid,
          vaults_mumra_hexcomb, minmay_crypt_entry_simple_box,
          layout_vaults_chaotic_city
Vaults:3: advil_vaults_ghost_lines, nicolae_vaults_network_square, v_misc_28,
          nicolae_vaults_network_quinsquares
          [nicolae_vaults_network_quincunx_subvault,
          nicolae_vaults_network_quincunx_subvault,
          nicolae_vaults_network_quincunx_subvault,
          nicolae_vaults_network_quincunx_subvault], grunt_vaults_trifunnel,
          st_diamondy, hangedman_vaults_pinch, vaults_room_semicircle,
          ontoclasm_vaults_ring_square, nicolae_vaults_mini_display_case,
          vaults_room_octagon, ontoclasm_vaults_idyll, layout_vaults_ring,
          uniq_boris, uniq_mennas
Vaults:4: nicolae_vaults_angled_halls, serial_ice_g, vaults_room_pools,
          vaults_mumra_lcd, nicolae_vaults_network_star, ontoclasm_vaults_twist,
          grunt_vaults_hallway_long, nicolae_vaults_little_squares_5,
          vaults_dpeg_cross, vaults_room_grunt_arrival_checkpoint,
          layout_vaults_omnibox, serial_shops, nicolae_square_shop
Crypt:1:  layout_basic, grunt_megastairs_5
Crypt:2:  layout_misc_corridors, serial_sigils_hangedman_gnaw,
          grunt_megastairs_4, lemuel_upstairs_altar
Depths:1: layout_basic, nicolae_abyss_entry_one_way_or_another, hell_entry,
          nemelex_diamond_rough_becter, nicolae_qazlal_style_of_elements,
          grunt_megastairs_3, minmay_shop_grove, serial_bayou_shore_a
Depths:2: hangedman_pleasuredromes, hell_entry, abyss_entry, pan_entry
Depths:3: minmay_central_circle, layout_honeycomb, enter_ziggurat_c,
          minmay_fountain_box, abyss_entry_small_statue_room, pan_entry,
          lightli_too_deep, kennysheep_generic_room_2,
          infiniplex_staircase_zigzag_4, uniq_aizul, uniq_mara, uniq_bai_suzhen
Depths:4: lemuel_traditional_vault, layout_gridlike, abyss_entry,
          grunt_pan_entry_in_and_out, hell_entry, infiniplex_staircase_spiral
Depths:5: grunt_zot_entry_tricorne, layout_twisted_cross, abyss_entry,
          hell_entry, lemuel_doored_altar, serial_shops, shop_scrolls,
          grunt_ministairs_11
Zot:1:    layout_cellular_growth
Zot:2:    layout_onion, lemuel_flame_loot_1
Zot:3:    ebering_klown_carousel, layout_basic
Zot:4:    nicolae_zot_stationary_front, layout_misc_corridors,
          grunt_ministairs_9, nzn_random_ring
Zot:5:    layout_misc_corridors

Notes
Turn   | Place    | Note
-------+----------+-------------------------------------------
     0 | D:5      | ABBCCCDDDD the Barachi Delver began the quest for the Orb.
     0 | D:5      | Reached XP level 1. HP: 18/18 MP: 1/1
    98 | D:5      | Reached XP level 2. HP: 16/25 MP: 2/2
   230 | D:5      | Reached skill level 1 in Armour
   612 | D:5      | Noticed a centaur
  1032 | D:5      | Reached skill level 1 in Shields
  1032 | D:5      | Reached XP level 3. HP: 30/30 MP: 3/3
  1150 | D:5      | Reached XP level 4. HP: 34/37 MP: 4/4
  1234 | D:3      | Found a runed translucent door.
  2651 | D:2      | Found an ornate altar of the Wu Jian Council.
  2747 | D:1      | Reached XP level 5. HP: 29/43 MP: 5/5
  3681 | D:2      | Found a faded altar of an unknown god.
  4492 | D:3      | Reached XP level 6. HP: 49/49 MP: 6/6
  4520 | D:3      | Noticed Robin
  5076 | D:2      | Killed Robin
  5077 | D:2      | Reached skill level 1 in Evocations
  5189 | D:3      | Reached skill level 5 in Long Blades
  5303 | D:3      | Noticed Crownlay's ghost (amateur GrEE)
  5345 | D:3      | Learned a level 3 spell: Ozocubu's Armour
  5353 | D:3      | Noticed Sigmund
  5356 | D:3      | Killed Sigmund
  5575 | D:4      | Noticed Dowan
  5575 | D:4      | Noticed Duvessa
  5765 | D:3      | Reached XP level 7. HP: 21/55 MP: 7/7
  6607 | D:4      | Reached skill level 5 in Fighting
  6607 | D:4      | Reached skill level 2 in Evocations
  6836 | D:4      | Killed Duvessa
  6846 | D:4      | Killed Dowan
  7198 | D:5      | Reached skill level 1 in Ice Magic
  7198 | D:5      | Reached skill level 3 in Evocations
  7198 | D:5      | Reached XP level 8. HP: 63/63 MP: 7/9
  7282 | D:6      | Reached skill level 1 in Spellcasting
  8144 | D:6      | Reached skill level 4 in Evocations
  8387 | D:6      | Reached skill level 5 in Armour
  8951 | D:7      | Found a staircase to the Ecumenical Temple.
  8966 | Temple   | Entered the Ecumenical Temple
  9046 | Temple   | Became a worshipper of Makhleb the Destroyer
  9064 | D:7      | Reached XP level 9. HP: 51/71 MP: 12/12
  9131 | D:7      | Reached skill level 5 in Ice Magic
  9185 | D:7      | Found a sand-covered staircase.
  9191 | Ossuary  | Entered an ossuary
  9257 | Ossuary  | Reached skill level 5 in Evocations
  9458 | D:7      | Identified a scroll of acquirement
  9461 | D:7      | Acquired 327 gold pieces
 10144 | D:8      | Noticed Prince Ribbit
 10149 | D:8      | Killed Prince Ribbit
 10276 | D:8      | Reached * piety under Makhleb
 10337 | D:8      | Noticed a komodo dragon
 10354 | D:8      | Killed a komodo dragon
 10554 | D:8      | Noticed Erica
 10597 | D:9      | Reached XP level 10. HP: 82/82 MP: 13/13
 10969 | D:10     | Entered Level 10 of the Dungeon
 11127 | D:10     | You fall into a shaft and drop 3 floors!
 11130 | D:13     | Noticed a cyan ugly thing
 11135 | D:13     | Noticed a deep elf pyromancer
 11135 | D:13     | Noticed a two-headed ogre
 11138 | D:13     | Noticed a cyclops
 11141 | D:13     | Noticed a cyclops
 11148 | D:13     | Found a basalt altar of Yredelemnul.
 11164 | D:13     | Noticed Rupert
 11168 | D:12     | Noticed a two-headed ogre
 11171 | D:12     | Noticed a skeletal warrior
 11171 | D:12     | Noticed a skeletal warrior
 11171 | D:12     | Noticed a skeletal warrior
 11192 | D:12     | Noticed Frances
 11257 | D:10     | Noticed a two-headed ogre
 11269 | D:10     | Killed a two-headed ogre
 11552 | D:10     | Reached skill level 10 in Fighting
 11740 | D:9      | Found a staircase to the Lair.
 12050 | D:10     | Found a glowing golden altar of the Shining One.
 12051 | D:10     | Found a transporter.
 12052 | D:10     | Found a white marble altar of Elyvilon.
 12052 | D:10     | Found a transporter.
 12052 | D:10     | Noticed a two-headed ogre
 12053 | D:10     | Noticed a salamander
 12053 | D:10     | Noticed a stone giant
 12141 | D:10     | Noticed a cyclops
 12141 | D:10     | a wind drake changed into a cyclops
 12246 | D:11     | Noticed a brown ugly thing
 12246 | D:11     | Noticed a fire dragon
 12246 | D:11     | Noticed a tengu warrior
 12252 | D:11     | Found a runed translucent door.
 12314 | Lair:1   | Entered Level 1 of the Lair of Beasts
 12314 | Lair:1   | Noticed a cane toad
 12329 | Lair:1   | Killed a cane toad
 12373 | Lair:1   | Noticed a cane toad
 12380 | Lair:1   | Noticed a four-headed hydra
 12380 | Lair:1   | Reached ** piety under Makhleb
 12381 | Lair:1   | Reached skill level 10 in Long Blades
 12385 | Lair:1   | Reached skill level 10 in Armour
 12385 | Lair:1   | Reached XP level 11. HP: 57/92 MP: 14/14
 13164 | D:9      | Killed a one-headed hydra
 15155 | Lair:2   | Found a staircase to the Swamp.
 15173 | Lair:2   | Reached *** piety under Makhleb
 15426 | Lair:2   | Noticed a four-headed hydra
 15437 | Lair:2   | Killed a one-headed hydra
 15438 | Lair:2   | Reached XP level 12. HP: 91/103 MP: 15/15
 15822 | Lair:2   | Reached skill level 6 in Evocations
 16011 | Lair:3   | Noticed a five-headed hydra
 16033 | Lair:3   | Killed a one-headed hydra
 16507 | Lair:3   | Reached skill level 7 in Evocations
 16974 | Lair:3   | Noticed Snorg
 16985 | Lair:3   | Killed Snorg
 17168 | Lair:4   | Noticed Sonja
 17172 | Lair:4   | Killed Sonja
 17338 | Lair:3   | Reached skill level 8 in Evocations
 17696 | Lair:3   | Reached **** piety under Makhleb
 17697 | Lair:3   | Gained mutation: You can hop long distances. [Barachi
                  | growth]
 17697 | Lair:3   | Reached XP level 13. HP: 81/112 MP: 19/19
 18278 | Lair:4   | Found a hole to the Spider Nest.
 19028 | Lair:3   | Reached skill level 15 in Fighting
 19934 | Lair:4   | Reached skill level 1 in Invocations
 20935 | Lair:4   | Reached skill level 5 in Dodging
 21092 | Lair:4   | Reached XP level 14. HP: 94/125 MP: 20/20
 21433 | Lair:5   | Found a viscous altar of Jiyva.
 21433 | Lair:5   | Found a staircase to the Slime Pits.
 21616 | Lair:6   | Entered Level 6 of the Lair of Beasts
 22069 | Lair:6   | Reached ***** piety under Makhleb
 22114 | Lair:6   | HP: 6/125 [cane toad (16)]
 23437 | Lair:6   | Reached skill level 5 in Invocations
 24220 | D:11     | Identified the +0 robe "Vorabar" {Regen+}
 24559 | D:11     | Reached skill level 10 in Dodging
 24885 | D:11     | Reached XP level 15. HP: 131/131 MP: 21/21
 25268 | D:11     | Identified the +3 chain mail "Ceatahur" {SInv}
 25276 | D:11     | Identified the +6 battleaxe of the Turnip {drain, *Noise
                  | Int+4 Stlth+}
 25276 | D:11     | Identified the +7 shortbow "Arbiter" {flame, Str+2 Int+4}
 25356 | D:11     | Identified the +3 buckler of Inaction {Harm}
 25516 | D:11     | Identified the +1 halberd of the Realm of Zot {drain,
                  | *Corrode rC+++ rN+ Stlth+}
 25644 | D:11     | Reached ****** piety under Makhleb
 25900 | D:12     | Found a staircase to the Orcish Mines.
 26038 | Orc:1    | Entered Level 1 of the Orcish Mines
 26444 | Orc:1    | Identified the +7 great mace of the Singing Augurer {pain,
                  | rF++ Will+ MP-9 Dex+3}
 26466 | Orc:1    | Noticed Trampli's ghost (journeyman DDBe)
 26469 | Orc:1    | Found a transporter.
 26473 | Orc:1    | Found a transporter.
 26665 | Orc:1    | Killed Trampli's ghost
 26879 | Orc:1    | Identified the +0 pair of boots of Elyvilon's Esteem
                  | {rPois}
 26985 | Orc:2    | Entered Level 2 of the Orcish Mines
 27085 | Orc:2    | Found Ugyfan's Distillery.
 27094 | Orc:2    | Bought a potion of mutation for 96 gold pieces
 27094 | Orc:2    | Bought a potion of lignification for 36 gold pieces
 27094 | Orc:2    | Bought a potion of haste for 120 gold pieces
 27308 | Orc:2    | Noticed an orc warlord
 27357 | Orc:2    | Killed an orc warlord
 27463 | Orc:2    | Found Olluim's Antique Weapon Boutique.
 27466 | Orc:2    | Found Derem's Antique Armour Shop.
 27911 | Orc:2    | Found a staircase to the Elven Halls.
 28207 | Orc:2    | Found Fenuz's Jewellery Emporium.
 28927 | D:12     | Noticed Azrael
 29153 | D:12     | Killed Azrael
 30181 | D:13     | Reached XP level 16. HP: 69/138 MP: 22/22
 30491 | D:13     | You are sucked into a shaft and drop 2 floors!
 30491 | D:15     | Entered Level 15 of the Dungeon
 30940 | D:14     | Found a flagged portal.
 30947 | Bailey   | Entered a bailey
 31077 | Bailey   | Acquired a manual of Long Blades
 31411 | D:13     | Noticed Kirke
 31437 | D:13     | Killed Kirke
 31523 | D:13     | Reached skill level 15 in Armour
 31536 | D:13     | Killed Rupert
 31693 | D:13     | Found a gate to the Vaults.
 32227 | D:14     | Found a hide-covered altar of Uskayaw.
 32394 | D:14     | Found Vuwaduce's Antique Armour Boutique.
 32989 | D:15     | Found a staircase to the Depths.
 33179 | D:15     | Acquired a +1 vampiric demon blade
 33438 | D:15     | Got An Early Guide to Secret Knowledge
 33900 | Spider:1 | Entered Level 1 of the Spider Nest
 34203 | Spider:1 | Reached skill level 15 in Dodging
 35059 | Spider:1 | Reached skill level 10 in Invocations
 35323 | Spider:1 | Reached XP level 17. HP: 97/144 MP: 24/24
 35590 | Spider:2 | Reached skill level 1 in Throwing
 35653 | Spider:2 | Acquired the +9 triple sword of Amier {drain, rC+}
 36670 | Spider:3 | Reached skill level 9 in Evocations
 36887 | Spider:3 | Reached skill level 15 in Long Blades
 37321 | Spider:4 | Entered Level 4 of the Spider Nest
 37491 | Spider:4 | Reached skill level 10 in Evocations
 38315 | Spider:4 | Noticed Louise
 38356 | Spider:4 | Cast into level 2 of the Abyss (Louise)
 38446 | Spider:4 | Escaped the Abyss
 38462 | Spider:3 | Reached XP level 18. HP: 142/151 MP: 26/26
 38482 | Spider:4 | Killed Louise
 38650 | Spider:4 | Paralysed by a hornet for 1 turns
 38914 | Spider:4 | Got a gossamer rune of Zot
 39156 | Swamp:1  | Entered Level 1 of the Swamp
 39514 | Swamp:1  | Noticed Josephine
 39532 | Swamp:1  | Killed Josephine
 41037 | Swamp:2  | Acquired the amulet of Conformity {Reflect Fragile rPois
                  | rC- Dex+8 SH+5}
 41608 | Swamp:3  | Acquired the +0 hat of Gluttony {rPois Will+}
 42116 | Swamp:3  | Noticed a tentacled monstrosity
 42139 | Swamp:3  | Killed a tentacled monstrosity
 42395 | Swamp:4  | Entered Level 4 of the Swamp
 43427 | Swamp:3  | Reached XP level 19. HP: 151/161 MP: 27/27
 44026 | Swamp:4  | Got a decaying rune of Zot
 44392 | D:12     | Killed Frances
 44693 | Vaults:1 | Entered Level 1 of the Vaults
 44693 | Vaults:1 | Found Socek's Assorted Antiques.
 44774 | Vaults:1 | Identified the +10 long sword "Reudojir" {antimagic, rC++}
 44818 | Vaults:1 | Found Erutekuky's Antique Armour Shoppe.
 44829 | Vaults:1 | Bought an ichor-stained hat for 270 gold pieces
 44829 | Vaults:1 | Identified the +0 hat "Baomupt" {*Slow rF+ Stlth+} (You
                  | bought it in a shop on level 1 of the Vaults)
 44829 | Vaults:1 | Bought a dazzling plate armour for 840 gold pieces
 44829 | Vaults:1 | Identified the +4 plate armour "Hurchy" {-Tele Regen+
                  | Stlth+} (You bought it in a shop on level 1 of the Vaults)
 45078 | Vaults:1 | Identified the +8 falchion "Worm" {elec, Int+2 Stlth+}
 47343 | Vaults:1 | Found Vuem's Assorted Antiques.
 47346 | Vaults:1 | Bought a scroll of teleportation for 120 gold pieces
 47346 | Vaults:1 | Found Wurph's Antique Weapon Shoppe.
 47432 | Vaults:1 | Found Vanneo Bamee's Jewellery Emporium.
 48416 | Vaults:2 | Reached XP level 20. HP: 124/172 MP: 9/28
 48849 | Vaults:2 | Found a transporter.
 48882 | Vaults:2 | Found a transporter.
 50083 | Vaults:2 | Found a staircase to the Crypt.
 50961 | Vaults:3 | Reached skill level 5 in Shields
 51003 | Vaults:3 | Noticed Mennas
 53121 | Vaults:2 | Reached XP level 21. HP: 176/183 MP: 9/29
 53955 | Vaults:3 | Reached skill level 10 in Shields
 54112 | Vaults:3 | Found a large runed translucent door.
 54112 | Vaults:3 | Found a large runed translucent door.
 54112 | Vaults:3 | Found a large runed translucent door.
 54112 | Vaults:3 | Found a large runed translucent door.
 54112 | Vaults:3 | Found a large runed translucent door.
 54112 | Vaults:3 | Found a large runed translucent door.
 54112 | Vaults:3 | Found a large runed translucent door.
 54112 | Vaults:3 | Found a large runed translucent door.
 54112 | Vaults:3 | Noticed Angmar's ghost (veteran DrAE)
 54591 | Vaults:3 | Noticed Boris
 54632 | Vaults:3 | Killed Boris
 55297 | Vaults:4 | Found Zolir's Antique Armour Boutique.
 55308 | Vaults:4 | Identified the +2 buckler "Baedo" {Will++}
 55328 | Vaults:4 | Bought a smouldering plate armour for 1176 gold pieces
 55328 | Vaults:4 | Identified the +0 plate armour of Mamoethoiris {rN+} (You
                  | bought it in a shop on level 4 of the Vaults)
 55328 | Vaults:4 | Bought a shimmering chain mail for 399 gold pieces
 55328 | Vaults:4 | Identified the +2 chain mail "Jyjiz" {rN+ Str+3 Int+4} (You
                  | bought it in a shop on level 4 of the Vaults)
 56299 | Elf:1    | Entered Level 1 of the Elven Halls
 56299 | Elf:1    | Noticed Asterion
 56833 | Depths:1 | Entered Level 1 of the Depths
 57012 | Depths:1 | Reached skill level 5 in Stealth
 57824 | Depths:1 | Found a stormy altar of Qazlal.
 57829 | Depths:1 | Found a gateway to Hell.
 57839 | Depths:1 | Found Asmet's Jewellery Shoppe.
 57840 | Depths:1 | Found Maigron's Book Boutique.
 57841 | Depths:1 | Found Itarevau's Jewellery Shoppe.
 58031 | Depths:1 | Found a sparkling altar of Nemelex Xobeh.
 58579 | Depths:1 | Found a one-way gate to the infinite horrors of the Abyss.
 59957 | D:3      | Killed Crownlay's ghost
 60202 | D:8      | Killed Erica
 61052 | Crypt:1  | Entered Level 1 of the Crypt
 61121 | Crypt:1  | Noticed Boris
 61690 | Crypt:2  | Reached skill level 11 in Evocations
 62042 | Crypt:2  | Reached XP level 22. HP: 148/190 MP: 10/30
 62056 | Crypt:2  | HP: 2/190 [ancient champion/iron shot (65)]
 63437 | Slime:1  | Entered Level 1 of the Pits of Slime
 64906 | Slime:4  | Gained mutation: You are clumsy. (Dex -2) [a shining eye]
 64909 | Slime:3  | Paralysed by a floating eye for 3 turns
 64916 | Slime:3  | Reached skill level 12 in Evocations
 64952 | Slime:5  | Entered Level 5 of the Pits of Slime
 66647 | Slime:4  | Gained mutation: You occasionally shout uncontrollably at
                  | your foes. [a shining eye]
 67324 | Slime:5  | Reached skill level 13 in Evocations
 67441 | Slime:5  | Noticed the Royal Jelly
 67664 | Slime:5  | Found a viscous altar of Jiyva.
 67696 | Slime:5  | Found the +0 pair of fencer's gloves {Riposte Dex+3}
 68888 | Vaults:1 | Bought a potion of haste for 170 gold pieces
 69565 | Slime:5  | Killed the Royal Jelly
 69606 | Slime:5  | Got Kysuphir's Papyrus of Flying Unholy Secrets
 69653 | Slime:5  | Identified the +1 hunting sling of Uncomfortable Rashes
                  | {venom, rElec Will+ Dex+6}
 69665 | Slime:5  | Identified the +3 chain mail of Generosity {*Slow rN+ rCorr
                  | Int+10}
 69667 | Slime:5  | Got a slimy rune of Zot
 69676 | Slime:5  | Identified the ring "Miafepiz" {rF+ rC- AC+4 Str+3 Int+4}
 69689 | Slime:5  | Got Molepted's Compendium of Ashen Cold
 69760 | Slime:5  | Acquired the ring of Nelub {rC+ EV+4 Dex+3}
 70138 | Orc:2    | Killed Asterion
 70304 | Elf:1    | Reached skill level 14 in Evocations
 70352 | Elf:1    | Reached XP level 23. HP: 166/196 MP: 11/33
 71436 | Elf:1    | Got the Volume of Supportive Displacement
 71831 | Elf:2    | Reached skill level 15 in Evocations
 72379 | Elf:2    | Found a runed translucent gate.
 72379 | Elf:2    | Found a runed translucent gate.
 72380 | Elf:2    | Found a runed translucent gate.
 72426 | Elf:2    | Paralysed by an air elemental for 1 turns
 72430 | Elf:2    | Paralysed by an air elemental for 1 turns
 72517 | Elf:2    | Paralysed by an air elemental for 1 turns
 72522 | Elf:2    | Paralysed by an air elemental for 1 turns
 72777 | Elf:3    | Entered Level 3 of the Elven Halls
 72777 | Elf:3    | Found Aliemoq's Book Shoppe.
 72937 | Elf:3    | Reached skill level 15 in Invocations
 73567 | Elf:3    | Paralysed by an air elemental for 1 turns
 75321 | Elf:3    | Identified the +0 robe of the Gusle {*Corrode Regen+ Int+4
                  | Archmagi}
 75362 | Elf:3    | Identified the +3 dagger of Patience {speed, Will++ Str-5
                  | Dex+3}
 75710 | Elf:3    | Identified the +5 plate armour of Moral Flaws {+Inv Int+3}
 76089 | Elf:3    | Got Uttagessa's Reference Book on Earthen Dark Rites
 76095 | Elf:3    | Identified the +1 plate armour of Misis {rF+ rC- Int+2}
 76097 | Elf:3    | Identified the +3 fustibalus of Glory {flame, rElec Dex+4
                  | Stlth+}
 76147 | Elf:3    | Got the Incunabulum of Supportive Stones
 77088 | Depths:1 | Reached XP level 24. HP: 164/205 MP: 11/34
 77486 | Depths:2 | Found a one-way gate leading to the halls of Pandemonium.
 77977 | Depths:2 | Noticed a caustic shrike
 78003 | Depths:1 | Killed a caustic shrike
 79706 | Depths:2 | Noticed a caustic shrike
 79728 | Depths:1 | Killed a caustic shrike
 81328 | Depths:2 | You fall into a shaft and drop 1 floor!
 82370 | Depths:2 | Noticed an ancient lich
 82399 | Depths:2 | Killed an ancient lich
 82438 | Depths:2 | Identified the +4 battleaxe of Wyrd {antimagic, Int+4}
 82770 | Depths:2 | Identified the amulet of the Lily {rC+ rN+ Regen+ Str+2
                  | Int-3}
 82913 | Depths:2 | Identified the +2 helmet of Xom {Harm rC+ rCorr}
 82915 | Depths:2 | Got Fuczot's Disquisition on Ignition
 83178 | Depths:3 | Noticed Mara
 83748 | Depths:3 | Noticed Bai Suzhen
 84192 | Depths:3 | Reached XP level 25. HP: 211/217 MP: 11/34
 85134 | Depths:5 | Entered Level 5 of the Depths
 85633 | Depths:4 | Reached skill level 16 in Evocations
 85910 | Depths:4 | Identified the +6 leather armour "Fucoosk" {rN++ Will+
                  | Regen+}
 86541 | Depths:3 | Reached skill level 15 in Shields
 86570 | Depths:3 | Noticed ABBCCCDDDD's illusion
 86708 | Depths:3 | Killed Mara
 86719 | Depths:3 | Noticed a juggernaut
 87738 | Depths:2 | Killed Bai Suzhen
 87882 | Depths:3 | Reached skill level 17 in Evocations
 88058 | Depths:3 | Found a gateway to a ziggurat.
 88106 | Depths:3 | Reached XP level 26. HP: 198/224 MP: 11/35
 88118 | Depths:3 | Killed a juggernaut
 88599 | Depths:3 | Paralysed by a floating eye for 2 turns
 88602 | Depths:3 | Paralysed by a floating eye for 2 turns
 88609 | Depths:3 | Paralysed by a floating eye for 2 turns
 88914 | Depths:3 | Noticed Aizul
 88940 | Depths:3 | Killed Aizul
 89161 | Depths:5 | Noticed a juggernaut
 89406 | Depths:5 | Found a shimmering altar of Xom.
 89462 | Depths:5 | Reached skill level 18 in Evocations
 89548 | Depths:5 | Found a gate to the Realm of Zot.
 89830 | Depths:5 | Killed a juggernaut
 89915 | Depths:5 | Found Wan Vor's Magic Scroll Shoppe.
 89924 | Depths:5 | Bought a scroll of teleportation for 63 gold pieces
 89924 | Depths:5 | Bought a scroll of fog for 42 gold pieces
 90685 | Zot:1    | Entered Level 1 of the Realm of Zot
 90718 | Zot:1    | Reached skill level 19 in Evocations
 91898 | Zot:2    | Noticed a Killer Klown
 91932 | Zot:2    | Killed a Killer Klown
 92321 | D:15     | Identified the +1 helmet of the Pleiades {Regen+ Str+4}
 92612 | Depths:5 | Bought a scroll of enchant armour for 157 gold pieces
 92612 | Depths:5 | Bought a scroll of enchant armour for 157 gold pieces
 92824 | Zot:2    | Learned a level 1 spell: Apportation
 92864 | Zot:3    | Noticed a Killer Klown
 92893 | Zot:2    | Killed a Killer Klown
 92894 | Zot:2    | Reached XP level 27. HP: 172/237 MP: 11/35
 93056 | Zot:3    | Noticed a dread lich
 94068 | Zot:3    | Killed a dread lich
 94244 | Zot:3    | Reached skill level 20 in Evocations
 94338 | Zot:3    | Identified the +9 rapier of Shrieking Terror {vorpal, MP+9
                  | Int+4}
 95400 | Zot:4    | Noticed an orb of fire
 95419 | Zot:4    | Gained mutation: You are dopey. (Int -2) [an orb of fire]
 95433 | Zot:4    | Gained mutation: You tend to lose your temper in combat.
                  | [an orb of fire]
 95439 | Zot:4    | Gained mutation: You are weak. (Str -2) [an orb of fire]
 95443 | Zot:4    | Killed an orb of fire
 96349 | Zot:4    | Reached skill level 21 in Evocations
 96408 | Zot:4    | Noticed an ancient lich
 96418 | Zot:4    | Killed an ancient lich
 96553 | Zot:4    | Identified the amulet of the Middle {RegenMP Contam rPois
                  | Will+ Str+3}
 96671 | Zot:5    | Entered Level 5 of the Realm of Zot
 97659 | Zot:5    | Noticed a dread lich
 97681 | Zot:5    | Killed a dread lich
 97682 | Zot:5    | Reached skill level 22 in Evocations
 97682 | Zot:5    | Noticed an ancient lich
 97705 | Zot:5    | Killed an ancient lich
 97887 | Zot:5    | Noticed a dread lich
 97887 | Zot:5    | Noticed a dread lich
 97888 | Zot:5    | Noticed an orb of fire
 98126 | Zot:5    | Cast into level 4 of the Abyss (Killer Klown)
 98321 | Zot:5    | Escaped the Abyss
 98530 | Zot:5    | Killed a dread lich
 98551 | Zot:5    | Gained mutation: You are very clumsy. (Dex -4) [an orb of
                  | fire]
 98555 | Zot:5    | Gained mutation: You sometimes lose the ability to read
                  | scrolls when taking damage. [an orb of fire]
 98570 | Zot:5    | Killed an orb of fire
 98571 | Zot:5    | Reached skill level 23 in Evocations
 98571 | Zot:5    | Lost mutation: You are dopey. (Int -2) [potion of mutation]
 98571 | Zot:5    | Lost mutation: You are very clumsy. (Dex -4) [potion of
                  | mutation]
 98571 | Zot:5    | Gained mutation: Armour fits poorly on your strangely
                  | shaped body. [potion of mutation]
 98571 | Zot:5    | Gained mutation: You have sharp fingernails. [potion of
                  | mutation]
 98571 | Zot:5    | Gained mutation: You evolve. [potion of mutation]
 98572 | Zot:5    | Lost mutation: You are clumsy. (Dex -2) [potion of
                  | mutation]
 98572 | Zot:5    | Lost mutation: Armour fits poorly on your strangely shaped
                  | body. [potion of mutation]
 98572 | Zot:5    | Gained mutation: You are partially covered in iridescent
                  | scales. (AC +2) [potion of mutation]
 98572 | Zot:5    | Gained mutation: You are very weak. (Str -4) [potion of
                  | mutation]
 98572 | Zot:5    | Gained mutation: Your magical capacity is low. (-10% MP)
                  | [potion of mutation]
 98573 | Zot:5    | Lost mutation: You sometimes lose the ability to read
                  | scrolls when taking damage. [potion of mutation]
 98573 | Zot:5    | Lost mutation: You are very weak. (Str -4) [potion of
                  | mutation]
 98573 | Zot:5    | Lost mutation: You are weak. (Str -2) [potion of mutation]
 98573 | Zot:5    | Gained mutation: You are mostly covered in iridescent
                  | scales. (AC +4) [potion of mutation]
 98843 | Zot:5    | Noticed a dread lich
 98843 | Zot:5    | Noticed a dread lich
 98843 | Zot:5    | Noticed an orb of fire
 98843 | Zot:5    | Noticed an ancient lich
 98863 | Zot:5    | Gained mutation: You often lose your temper in combat. [an
                  | orb of fire]
 98883 | Zot:5    | Killed a dread lich
 98888 | Zot:5    | Reached skill level 24 in Evocations
 98896 | Zot:5    | Killed an orb of fire
 99066 | Zot:5    | Noticed a dread lich
 99079 | Zot:5    | Killed a dread lich
 99080 | Zot:5    | Noticed an ancient lich
 99091 | Zot:5    | Killed an ancient lich
 99095 | Zot:5    | Noticed an orb of fire
 99101 | Zot:5    | Gained mutation: Potions are less effective at restoring
                  | your health. [an orb of fire]
 99103 | Zot:5    | Noticed a dread lich
 99563 | Zot:5    | Noticed an ancient lich
 99588 | Zot:5    | Killed a dread lich
 99589 | Zot:5    | Reached skill level 25 in Evocations
 99594 | Zot:5    | Killed a dread lich
 99598 | Zot:5    | Killed an ancient lich
 99600 | Zot:5    | Gained mutation: You have an uncontrollable temper. [a
                  | cacodemon]
 99615 | Zot:5    | Lost mutation: Potions are less effective at restoring your
                  | health. [an orb of fire]
 99621 | Zot:5    | Lost mutation: You are mostly covered in iridescent scales.
                  | (AC +4) [an orb of fire]
 99636 | Zot:5    | Lost mutation: You have an uncontrollable temper. [an orb
                  | of fire]
 99647 | Zot:5    | Gained mutation: Your spells are a little easier to cast,
                  | but a little less powerful. [an orb of fire]
 99655 | Zot:5    | Gained mutation: You are weak. (Str -2) [an orb of fire]
 99680 | Zot:5    | Killed an orb of fire
 99756 | Zot:5    | Lost mutation: You are partially covered in iridescent
                  | scales. (AC +2) [evolution]
 99815 | Zot:5    | Killed an ancient lich
 99830 | Zot:5    | Killed a dread lich
100090 | Zot:5    | Identified the +5 chain mail of Cowardice {rF- Str+3 Dex+2
                  | Slay+5}
100163 | Zot:5    | Got the Orb of Zot
100530 | D:13     | Reached skill level 26 in Evocations
100677 | D:9      | Noticed Noebb the pandemonium lord
100862 | D:$      | Escaped with the Orb!

Table legend: (Time is in decaauts)
 A = Elapsed time spent in this place.
 B = Non-inter-level travel time spent in this place.
 C = Inter-level travel time spent in this place.
 D = Time resting spent in this place.
 E = Time spent auto-exploring this place.
 F = Levels seen in this place.
 G = Mean time per level.
                   A        B        C        D        E       F      G
               +--------+--------+--------+--------+--------+-----+--------+
         Total | 104873 |  95075 |   9798 |  34706 |  32613 |  60 | 1747.9 |
       Dungeon |  24852 |  21184 |   3668 |   6179 |   9044 |  15 | 1656.8 |
        Temple |    110 |     74 |     36 |      0 |     19 |   1 |  110.0 |
          Lair |  12842 |  11460 |   1382 |   3265 |   5042 |   6 | 2140.3 |
         Swamp |   4453 |   4269 |    184 |   1363 |   1268 |   4 | 1113.2 |
   Spider Nest |   5444 |   5098 |    346 |   1117 |   2269 |   4 | 1361.0 |
    Slime Pits |   5709 |   5528 |    181 |   3764 |      0 |   5 | 1141.8 |
  Orcish Mines |   3335 |   2874 |    461 |    725 |   1156 |   2 | 1667.5 |
   Elven Halls |   6523 |   5959 |    564 |   2117 |   2041 |   3 | 2174.3 |
        Vaults |  12340 |  11288 |   1052 |   4836 |   3783 |   4 | 3085.0 |
         Crypt |   1538 |   1538 |      0 |    826 |    309 |   2 |  769.0 |
        Depths |  17412 |  16099 |   1313 |   7542 |   4633 |   5 | 3482.4 |
           Zot |   9367 |   8761 |    606 |   2912 |   2763 |   5 | 1873.4 |
         Abyss |    265 |    265 |      0 |      0 |      0 |   2 |  132.5 |
       Ossuary |    282 |    282 |      0 |      0 |    148 |   1 |  282.0 |
        Bailey |    394 |    394 |      0 |     57 |    133 |   1 |  394.0 |
               +--------+--------+--------+--------+--------+-----+--------+

Top non-repeatable levels by time:
Depths:1: 7410 daAuts
Vaults:2: 5812 daAuts
Vaults:1: 3566 daAuts
Depths:2: 3553 daAuts
   Elf:3: 3092 daAuts
   Zot:5: 2756 daAuts
  Lair:4: 2734 daAuts
    D:12: 2704 daAuts
  Lair:2: 2496 daAuts
Depths:4: 2489 daAuts
    D:11: 2461 daAuts
Vaults:3: 2292 daAuts
     D:2: 2289 daAuts
   Zot:4: 2240 daAuts
  Lair:3: 2183 daAuts

Table legend:
 A = Kills in this place as a percentage of kills in entire the game.
 B = Kills by you in this place as a percentage of kills by you in the entire game.
 C = Kills by friends in this place as a percentage of kills by friends in the entire game.
 D = Other kills in this place as a percentage of other kills in the entire game.
 E = Experience gained in this place as a percentage of experience gained in the entire game.
 F = Experience gained in this place divided by the number of levels of this place that you have seen.
                   A       B       C       D       E      F
               +-------+-------+-------+-------+-------+----------------------
         Total | 100.0 | 100.0 | 100.0 | 100.0 | 100.0 | 28921.4
       Dungeon |  16.3 |  16.8 |   1.6 |   0.0 |   5.2 | 5990.8
          Lair |  10.2 |  10.4 |   7.9 |   0.0 |   4.6 | 13328.0
         Swamp |   6.1 |   6.1 |   0.0 |  29.4 |   4.6 | 19957.8
   Spider Nest |  10.1 |   9.8 |  22.2 |  11.8 |   4.8 | 20971.0
    Slime Pits |   4.9 |   4.9 |   6.3 |   0.0 |   5.6 | 19399.8
  Orcish Mines |   5.8 |   5.9 |   3.2 |   0.0 |   1.1 | 9678.5
   Elven Halls |   7.1 |   7.1 |   0.0 |  35.3 |   7.0 | 40413.3
        Vaults |  11.2 |  11.3 |   9.5 |  11.8 |  11.6 | 50186.8
         Crypt |   0.9 |   0.9 |   0.0 |   5.9 |   0.9 | 7533.5
        Depths |  15.3 |  15.2 |  25.4 |   0.0 |  25.0 | 86756.8
           Zot |   8.2 |   7.7 |  23.8 |   5.9 |  28.3 | 98196.8
         Abyss |   1.4 |   1.4 |   0.0 |   0.0 |   1.1 | 9597.5
       Ossuary |   0.7 |   0.7 |   0.0 |   0.0 |   0.0 | 153.0
        Bailey |   1.7 |   1.8 |   0.0 |   0.0 |   0.2 | 4214.0
               +-------+-------+-------+-------+-------+----------------------

Action                   |  1- 3 |  4- 6 |  7- 9 | 10-12 | 13-15 | 16-18 | 19-21 | 22-24 | 25-27 || total
-------------------------+-------+-------+-------+-------+-------+-------+-------+-------+-------++-------
Melee: Dagger            |    10 |   134 |   327 |       |       |       |       |       |       ||   471
       Falchion          |    21 |   101 |   268 |  1051 |  2092 |       |       |       |       ||  3533
       Scimitar          |       |       |       |       |   765 |   518 |   172 |       |     6 ||  1461
       Demon blade       |       |       |       |       |       |  1369 |  1282 |       |       ||  2651
       Triple sword      |       |       |       |       |       |   288 |       |       |       ||   288
       Long sword        |       |       |       |       |       |       |  1195 |  2660 |  3282 ||  7137
Throw: Dart              |       |       |       |     4 |    28 |    93 |    19 |     7 |       ||   151
 Cast: Apportation       |       |       |       |       |       |       |       |       |     1 ||     1
Invok: Lesser Servant of |       |       |       |       |     1 |       |     3 |     1 |     2 ||     7
       Minor Destruction |       |       |       |       |       |       |     1 |     3 |       ||     4
       Greater Servant o |       |       |       |       |       |       |       |     2 |     5 ||     7
       Major Destruction |       |       |       |       |       |       |       |     2 |     3 ||     5
 Abil: Hop               |     2 |     2 |     1 |    10 |     7 |     5 |    15 |     9 |     9 ||    60
Evoke: Wand              |       |     3 |     9 |    28 |    22 |    32 |    20 |    21 |    22 ||   157
       Tin of tremorston |       |       |       |     2 |     2 |     7 |    10 |     6 |    12 ||    39
       Box of beasts     |       |       |       |     1 |     4 |     4 |     8 |     4 |    16 ||    37
       Lightning rod     |       |       |       |       |     7 |    18 |    23 |     5 |    18 ||    71
       Phial of floods   |       |       |       |       |       |       |       |     3 |     2 ||     5
       Condenser vane    |       |       |       |       |       |       |       |       |     9 ||     9
  Use: Potion            |     1 |       |     2 |     3 |     5 |    12 |     4 |     6 |    23 ||    56
       Scroll            |       |       |     7 |    12 |     6 |    17 |    11 |    12 |    22 ||    87
 Stab: Sleeping          |       |    15 |     1 |       |       |       |       |       |       ||    16
       Distracted        |       |       |       |     1 |     4 |       |     5 |       |    11 ||    21
       Paralysed         |       |       |       |     9 |     9 |    14 |       |       |     2 ||    34
       Held in net/web   |       |       |       |       |       |     1 |       |       |       ||     1
       Confused          |       |       |       |       |       |     1 |       |       |       ||     1
Armor: Leather armour    |    12 |    45 |     3 |       |       |       |       |       |       ||    60
       Scale mail        |       |       |    78 |       |       |       |       |       |       ||    78
       Chain mail        |       |       |   170 |   848 |  1495 |  1513 |  1069 |   853 |       ||  5948
       Storm dragon scal |       |       |       |       |       |       |       |    87 |   512 ||   599
       Gold dragon scale |       |       |       |       |       |       |       |       |   916 ||   916
       Skin              |       |       |       |       |       |       |       |       |   144 ||   144
Dodge: Dodged            |    35 |   154 |   195 |   449 |   995 |  1428 |  1044 |  1343 |  2147 ||  7790
Block: Buckler           |     4 |    38 |   110 |   268 |   485 |   534 |  1104 |  1436 |  1340 ||  5319
       Reflection        |       |       |       |       |       |       |    26 |    51 |       ||    77
       Kite shield       |       |       |       |       |       |       |   296 |       |       ||   296
       Rpst.: Falchion   |     8 |    26 |    23 |   134 |   169 |       |       |       |       ||   360
       Scimitar          |       |       |       |       |    82 |    54 |    16 |       |     1 ||   153
       Demon blade       |       |       |       |       |       |   161 |    85 |       |       ||   246
       Triple sword      |       |       |       |       |       |    75 |       |       |       ||    75
       Long sword        |       |       |       |       |       |       |    92 |   495 |   765 ||  1352

Vanquished Creatures
  the Royal Jelly (Slime:5)
  4 orbs of fire
  5 dread liches (Zot:5)
  5 ancient liches
  Mara (Depths:3)
  Boris (Vaults:3)
  A juggernaut (Depths:5)
  7 Killer Klowns
  3 curse toes
  6 caustic shrikes
  10 golden dragons
  3 electric golems
  16 tentacled monstrosities
  Rupert (D:13)
  24 Orb Guardians
  7 liches
  20 acid blobs
  3 deep elf blademasters
  5 quicksilver dragons
  3 titans
  A deep elf master archer (Elf:3)
  Asterion (Orc:2)
  Kirke (D:13)
  Frances (D:12)
  2 ancient champions
  7 sphinxes
  8 death cobs
  7 tengu reavers
  2 draconian monks
  13 storm dragons
  A revenant (Vaults:2)
  7 shadow dragons
  12 azure jellies
  9 rockslimes
  7 fire giants
  9 frost giants
  9 deep elf sorcerers
  2 draconian scorchers
  12 vault wardens
  4 draconian knights
  An iron dragon (Depths:3)
  3 emperor scorpions
  7 ghouls
  6 ghost moths
  Aizul (Depths:3)
  A cacodemon (Depths:4)
  Louise (Spider:4)
  2 balrugs
  10 ironbound preservers
  6 spriggan defenders
  12 quicksilver oozes
  3 draconian shifters
  4 deep elf elementalists
  A war gargoyle (Vaults:4)
  2 orc warlords
  5 draconian stormcallers
  18 stone giants
  30 very ugly things
  5 draconian annihilators
  3 vampire knights
  5 green draconians
  8 deep elf demonologists
  4 red draconians
  4 dire elephants
  8 white draconians
  6 deep elf annihilators
  6 bunyips
  Azrael (D:12)
  6 purple draconians
  The ghost of Trampli the Protected, a journeyman DDBe of Trog (Orc:1)
  8 black draconians
  6 entropy weavers
  4 spark wasps
  8 yellow draconians
  5 deep elf death magi
  4 eleionomae
  8 ettins
  Josephine (Swamp:1)
  An eidolon (Vaults:2)
  2 merfolk javelineers
  A green death (D:12)
  8 yaktaur captains
  2 jiangshi (Crypt:2)
  Snorg (Lair:3)
  3 shambling mangroves
  6 deep elf high priests
  10 fire dragons
  14 great orbs of eyes
  18 ice dragons
  8 vault guards
  6 boulder beetles
  23 hydras
  5 ironbound thunderhulks
  A peacekeeper (Vaults:4)
  A catoblepas (D:14)
  5 rakshasas
  A hell beast (Depths:1)
  An ogre mage (D:11)
  3 ghost crabs
  5 spriggan air magi
  11 centaur warriors
  7 ironbound frosthearts
  11 alligators
  2 death knights
  Erica (D:8)
  13 death yaks
  10 two-headed ogres
  22 dancing weapons
  5 deep troll shamans
  A hell hog (Abyss:4)
  12 tengu warriors
  3 thrashing horrors (Abyss:4)
  8 deep troll earth magi
  8 ironbound beastmasters
  6 vampire magi
  5 spriggan berserkers
  10 hell knights
  2 orc high priests (Orc:2)
  Sonja (Lair:4)
  2 soul eaters
  A fire crab (shapeshifter) (Abyss:4)
  7 iron trolls
  16 deep elf knights
  11 skeletal warriors
  A wretched star (Abyss:2)
  3 sun demons
  A sixfirhy (Depths:4)
  4 spriggan druids
  3 goliath frogs
  40 deep trolls
  A spark wasp zombie (Depths:2)
  A death drake (Abyss:2)
  A flayed ghost (Depths:1)
  An infernal demonspawn (Depths:4)
  11 swamp dragons
  7 glowing orange brains
  10 ironbound convokers
  A gelid demonspawn (Depths:4)
  A bog body (Swamp:1)
  10 deep elf archers
  A tengu zombie (Vaults:2)
  3 starcursed masses (Abyss:4)
  15 lindwurms
  7 wizards
  A harpy (Vaults:1)
  10 orc knights
  3 phantasmal warriors
  42 deep elf pyromancers
  14 orb spiders
  25 deep elf zephyrmancers
  A stone giant zombie (D:15)
  13 necromancers
  45 ugly things
  22 wolf spiders
  A tengu skeleton (Depths:3)
  3 manticores
  An orc sorcerer (Orc:2)
  7 cyclopes
  An elf zombie (Depths:3)
  A worldbinder (Spider:3)
  2 shining eyes
  21 moths of wrath
  12 vault sentinels
  9 will-o-the-wisps
  A rust devil (Depths:4)
  7 black mambas
  An apocalypse crab (Abyss:4)
  2 smoke demons (Depths:3)
  3 eyes of devastation
  35 elephants
  A storm dragon simulacrum (Depths:3)
  10 cane toads
  2 torpor snails
  3 gargoyles
  An orange demon (Depths:4)
  21 yaktaurs
  2 rime drakes
  A freezing wraith (Crypt:2)
  7 tengu conjurers
  10 demonic crawlers
  2 unseen horrors (D:11)
  A yaktaur (shapeshifter) (Abyss:4)
  7 komodo dragons
  A hellion (Depths:1)
  3 hellwings
  A human skeleton (Vaults:2)
  3 ancient zymes
  A meliai (D:11)
  31 jumping spiders
  A queen bee (shapeshifter) (D:14)
  8 trolls
  5 tyrant leeches
  24 hornets
  6 polar bears
  2 ettin zombies
  4 raiju (Abyss:4)
  Prince Ribbit (D:8)
  A spriggan zombie (D:15)
  2 dream sheep (shapeshifter)
  20 blink frogs
  120 slime creatures
  19 dream sheep
  3 shadows
  Sigmund (D:3)
  3 air elementals
  110 redbacks
  A tarantella (shapeshifter) (Depths:1)
  13 spriggans
  9 water elementals
  A wyvern (Lair:6)
  An elf simulacrum (Vaults:2)
  An ettin skeleton (Vaults:2)
  38 yaks
  16 tarantellas
  9 wraiths
  A ynoxinul (Abyss:4)
  3 vampires
  A tyrant leech zombie (Crypt:1)
  A hog (D:13)
  3 golden eyes (Slime:5)
  3 basilisks
  7 fire elementals
  A steam dragon (D:8)
  A chaos spawn (Depths:4)
  A yaktaur simulacrum (Vaults:4)
  20 vampire mosquitoes
  10 swamp worms
  5 wargs
  A human zombie (D:15)
  An acid dragon (D:10)
  7 water moccasins
  Duvessa (D:4)
  A floating eye (Slime:3)
  9 swamp drakes
  6 large abominations (Abyss:4)
  2 hell hounds
  4 black bears
  An ice beast (Vaults:4)
  35 orc warriors
  3 boggarts (D:14)
  3 necrophages
  9 ogres
  48 wolves
  11 centaurs
  A phantom (D:6)
  An octopode zombie (Crypt:2)
  A palentonga zombie (Crypt:1)
  The ghost of Crownlay the Digger, an amateur GrEE (D:3)
  18 bullfrogs
  2 earth elementals (Elf:3)
  Dowan (D:4)
  A wyvern zombie (D:8)
  A scorpion (Lair:1)
  4 killer bees
  9 electric eels
  2 howler monkeys
  A bullfrog zombie (D:6)
  9 centaur zombies
  A hound (D:6)
  A jelly (shapeshifter) (Elf:2)
  20 orc priests
  A centaur skeleton (D:7)
  A gnoll shaman (D:10)
  A basilisk skeleton (Crypt:1)
  22 orc wizards
  A killer bee zombie (D:8)
  A hound skeleton (D:5)
  8 mummies (Ossuary)
  Robin (D:2)
  5 adders
  12 gnolls
  2 howler monkey skeletons
  8 river rats (D:6)
  A shadow imp (D:7)
  A white imp (D:6)
  An adder skeleton (D:4)
  4 worms
  3 dart slugs
  120 orcs
  A bat skeleton (Crypt:1)
  5 endoplasms
  6 giant cockroaches
  13 goblins
  11 hobgoblins
  3 jackals (D:2)
  7 quokkas
  A ball python (shapeshifter) (Depths:2)
  5 ball pythons
  3 bats
  4 frilled lizards
  4 hobgoblin zombies (Ossuary)
  4 kobolds
  2 kobold zombies (Ossuary)
  2 orc zombies (Ossuary)
  19 rats
2243 creatures vanquished.

Vanquished Creatures (collateral kills)
  3 dread liches
  An ancient lich (Zot:5)
  A juggernaut (Depths:3)
  2 Killer Klowns
  Bai Suzhen (Depths:2)
  2 caustic shrikes (Depths:5)
  A golden dragon (Zot:3)
  2 Orb Guardians (Zot:5)
  An acid blob (Slime:5)
  A sphinx (Depths:2)
  A quicksilver dragon (Zot:3)
  2 shadow dragons
  A fire giant (Depths:4)
  A draconian scorcher (Depths:5)
  A frost giant (Depths:5)
  An iron dragon (Depths:3)
  2 vault wardens
  A black draconian (Zot:5)
  A green draconian (Zot:3)
  A yellow draconian (Zot:5)
  2 spark wasps
  A vault guard (Vaults:1)
  A spriggan air mage (Depths:5)
  A catoblepas (Lair:6)
  A deep troll shaman (Lair:6)
  An ironbound beastmaster (Vaults:2)
  A spriggan (Depths:5)
  A skeletal warrior (D:15)
  A lindwurm (Lair:6)
  An orb spider (Spider:4)
  An ironbound convoker (Vaults:3)
  3 wolf spiders (Spider:4)
  An orc sorcerer (Orc:1)
  A moth of wrath (Zot:3)
  A cane toad (Lair:1)
  A vault sentinel (Vaults:3)
  A jumping spider (Spider:4)
  A troll (Orc:1)
  2 hornets
  3 slime creatures (Slime:2)
  3 redbacks (Spider:4)
  5 tarantellas (Spider:4)
  A floating eye (Depths:4)
  A wolf (Lair:1)
63 creatures vanquished.

Vanquished Creatures (others)
  A bunyip (Swamp:1)
  A white draconian (Zot:4)
  2 deep elf knights (Elf:2)
  A soul eater (Crypt:1)
  3 spriggans
  2 deep trolls
  2 deep elf pyromancers (Elf:1)
  A wolf spider (Spider:4)
  2 deep elf zephyrmancers
  A yaktaur (Vaults:2)
  4 bloated husks
  A jumping spider (Spider:4)
  3 hornets
  A redback (Spider:4)
  A swamp drake (Swamp:2)
  A boggart (D:14)
  61 foxfires
  32 fungi
  A lurking horror (Slime:4)
  72 plants
  7 withered plants (D:15)
200 creatures vanquished.

Grand Total: 2506 creatures vanquished
